 Dungeon Crawl Stone Soup version 0.28.0-43-g3370ac3207 (webtiles) character file.

Game seed: 8834379964530924733

1617 tizbic2 the Purveyor of Pain (level 9, -5/81 (99) HPs)
             Began as a Formicid Necromancer on Mar 26, 2022.
             Was an Initiate of Kikubaaqudgha.
             Slain by a wight
             ... wielding a +3 great sword
              (6 damage)
             ... on level 7 of the Dungeon.
             The game lasted 00:28:23 (5365 turns).

tizbic2 the Purveyor of Pain (Formicid Necromancer) Turns: 5365, Time: 00:28:27

HP:   -5/81 (99)    AC: 24    Str: 12 (15) XL:     9   Next: 17%
MP:   15/15         EV:  2    Int: 16 (17) God:    Kikubaaqudgha [......]
Gold: 1625          SH:  4    Dex:  8 (11) Spells: 13/17 levels left

rFire   + . .      SeeInvis +   a - +2 dagger (holy)
rCold   . . .      Faith    +   i - +0 buckler
rNeg    . . .      Spirit   .   (armour currently unavailable)
rPois   +          Reflect  .   (helmet unavailable)
rElec   .          Harm     .   (cloak currently unavailable)
rCorr   .          Rampage  .   (gloves currently unavailable)
Will    +....                   (boots currently unavailable)
Stlth   ++........              o - amulet of Zenk {Faith Fly Will+ Regen+ SInv}
HPRegen 1.03/turn               b - ring of protection from fire
MPRegen 0.14/turn               (no ring)

@: tree-form, heavily drained
A: stationary, stasis, torment immunity, boosted hp, permanent stasis, dig
shafts and tunnels, (antennae 3), four strong arms
a: Renounce Religion


You were on level 7 of the Dungeon.
You worshipped Kikubaaqudgha.
Kikubaaqudgha was noncommittal.
You were a tree.
You visited 2 branches of the dungeon, and saw 8 of its levels.

You collected 1625 gold pieces.

Inventory:

Hand Weapons
 a - a +2 dagger of holy wrath (weapon)
 p - a +0 flail of protection
 w - a +0 dagger of pain
Missiles
 h - 90 bolts
Armour
 d - the +0 scale mail "Goidiucw" {Harm Will+}
   (You took it off a kobold on level 2 of the Dungeon)

   Harm:      It increases damage dealt and taken.
   Will:      It increases your willpower.
 i - a +0 buckler (worn)
 l - a +0 ring mail (melded)
Jewellery
 b - a ring of protection from fire (left branch)
 f - a ring of fire
 o - the amulet of Zenk (around neck) {Faith Fly Will+ Regen+ SInv}
   (You acquired it on level 4 of the Dungeon)

   [amulet of faith]

   It allows you to gain divine favour quickly.
   SInv:      It lets you see invisible.
   Fly:       It grants you flight.
   Regen:     It increases your rate of health regeneration.
   Will:      It increases your willpower.
Wands
 e - a wand of mindburst (8)
Scrolls
 k - 2 scrolls of amnesia
 m - 3 scrolls of fear
 q - a scroll of magic mapping
Potions
 g - a potion of curing
 j - 2 potions of degeneration
 n - a potion of mutation {unknown}
 r - a potion of invisibility
 s - 2 potions of heal wounds {unknown}
 u - a potion of ambrosia {unknown}


   Skills:
 * Level 4.5 Fighting
 + Level 3.5 Short Blades
 - Level 5.2 Armour
 - Level 1.7 Dodging
 - Level 2.4 Stealth
 - Level 4.0 Shields
 + Level 4.5 Spellcasting
 * Level 7.0 Necromancy


You had 13 spell levels left.
You knew the following spells:

 Your Spells              Type           Power      Damage    Failure   Level
a - Pain                  Necr           100%       1d9       1%          1
b - Vampiric Draining     Necr           26%        2d7       3%          3

Your spell library contained the following spells:

 Spells                   Type           Power      Damage    Failure   Level
 Animate Skeleton         Necr           52%        N/A       1%          1
 Animate Dead             Necr           13%        N/A       11%         4
 Agony                    Necr           26%        N/A       30%         5


Dungeon Overview and Level Annotations

Branches:
Dungeon (7/15)             Temple (1/1) D:6

Altars:
Ashenzari
Cheibriados
Dithmenos
Elyvilon
Fedhas
Gozag
Hepliaklqana
Kikubaaqudgha
Makhleb
Nemelex Xobeh
Okawaru
Qazlal
Ru
Sif Muna
Trog
Uskayaw
Vehumet
Wu Jian
Xom
Yredelemnul
Zin
The Shining One

Annotations:
D:4 1 runed translucent door, Jingleheimer's ghost, amateur DsGl


Innate Abilities, Weirdness & Mutations

You are a tree.
Your roots penetrate the ground, keeping you stationary.
You cannot be teleported.
You are immune to unholy pain and torment.
Your maximum health is greatly increased.
Your equipment is partially melded.
You cannot be hasted, slowed, berserked, paralysed or teleported.
You can dig through walls and to a lower floor.
((You have a pair of large antennae on your head. (SInv)))
Your four strong arms can wield two-handed weapons with a shield.


Message History

The wight is lightly damaged.
The wight barely misses you.
You barely miss the wight.
The wight is lightly damaged.
The wight hits you with a +3 great sword!
You feel drained.
You hit the wight but do no damage.
The wight is lightly damaged.
You block the wight's attack.
You hit the wight.
The wight convulses.
The wight is heavily damaged.
The wight closely misses you.
You hit the wight but do no damage.
The wight is moderately damaged.
The wight hits you with a +3 great sword!
* * * LOW HITPOINT WARNING * * *
You feel drained.
* * * LOW HITPOINT WARNING * * *
It was a potion of degeneration.
There was something very wrong with that liquid.
You feel weakened.
You feel dopey.
You feel clumsy. You block the wight's attack.
It was a potion of magic.
Magic courses through your body.
The wight hits you with a +3 great sword!
* * * LOW HITPOINT WARNING * * *
You hit the wight but do no damage.
The wight is moderately damaged.
The wight barely misses you.
It was a potion of lignification.
You turn into a tree.
Your +0 ring mail melds into your body.
Your roots penetrate the ground.
The wight hits you but does no damage.
You hit the wight but do no damage.
The wight is moderately damaged.
You hit the wight.
The wight convulses.
The wight is almost destroyed.
The wight hits you with a +3 great sword!
* * * LOW HITPOINT WARNING * * *
You feel drained.
You die...
Kikubaaqudgha rasps: "You have failed me!
Welcome... death!"

..... #.#.#..##..#.##..#
..... #.#......z.......#
.....#.###..##..#.......#
...#.# #.)##..#.###.#.#
#.#.###..##..#.# #
#.......)##..###
.####...####)##...
.......)####.##....
....#...<♣z)..#....
........#######.....
......... ......
....##### .... ###


You could see a wight.

Vanquished Creatures
  Pikel (D:4)
  An ogre (D:5)
  A sky beast (D:5)
  2 phantoms (D:4)
  A bullfrog (D:7)
  A scorpion (D:7)
  A water moccasin zombie (D:5)
  2 water moccasin skeletons
  2 wights (D:7)
  A centaur zombie (D:6)
  3 orc priests (D:4)
  A jelly (D:6)
  2 hounds
  A centaur skeleton (D:5)
  2 iguanas
  An orc wizard (D:7)
  A howler monkey zombie (D:5)
  8 adders
  2 shadow imps
  An ufetubus (D:5)
  An adder skeleton (D:4)
  9 orcs
  4 endoplasms
  2 giant cockroaches (D:1)
  8 goblins
  7 hobgoblins
  3 jackals (D:1)
  10 kobolds
  5 quokkas
  2 ball pythons
  6 bats
  5 frilled lizards
  A quokka skeleton (D:4)
  3 rats
101 creatures vanquished.

Notes
Turn   | Place    | Note
-------+----------+-------------------------------------------
     0 | D:1      | tizbic2 the Formicid Necromancer began the quest for the
                  | Orb.
     0 | D:1      | Reached XP level 1. HP: 13/13 MP: 3/3
   236 | D:1      | Reached XP level 2. HP: 19/20 MP: 3/5
   293 | D:1      | Reached skill level 1 in Armour
   636 | D:1      | Reached XP level 3. HP: 23/25 MP: 4/6
   721 | D:1      | Learned a level 3 spell: Vampiric Draining
  1373 | D:2      | Reached skill level 1 in Fighting
  1373 | D:2      | Reached XP level 4. HP: 20/32 MP: 2/8
  1560 | D:2      | Identified the +0 scale mail "Goidiucw" {Harm Will+}
  1679 | D:2      | Found a faded altar of an unknown god.
  2490 | D:3      | Reached skill level 1 in Short Blades
  2490 | D:3      | Reached XP level 5. HP: 32/37 MP: 6/9
  3056 | D:4      | Identified a scroll of acquirement
  3056 | D:4      | Acquired 1311 gold pieces
  3150 | D:4      | Acquired the amulet of Zenk {Faith Fly Will+ Regen+ SInv}
  3190 | D:4      | Noticed a phantom
  3211 | D:4      | Killed a phantom
  3212 | D:4      | Reached skill level 1 in Shields
  3212 | D:4      | Reached XP level 6. HP: 36/44 MP: 10/10
  3275 | D:4      | Found a runed translucent door.
  3278 | D:4      | Noticed Jingleheimer's ghost (amateur DsGl)
  3487 | D:3      | Reached skill level 5 in Necromancy
  3835 | D:5      | Entered Level 5 of the Dungeon
  3849 | D:5      | Reached XP level 7. HP: 50/50 MP: 11/11
  4032 | D:5      | Found a radiant altar of Vehumet.
  4303 | D:5      | Reached XP level 8. HP: 44/57 MP: 13/13
  4357 | D:5      | Noticed Pikel
  4391 | D:4      | Killed Pikel
  4392 | D:4      | Reached skill level 5 in Armour
  4392 | D:4      | Reached skill level 6 in Necromancy
  4765 | D:6      | Found a staircase to the Ecumenical Temple.
  4780 | Temple   | Entered the Ecumenical Temple
  4975 | Temple   | Became a worshipper of Kikubaaqudgha
  5098 | D:7      | Reached XP level 9. HP: 48/65 MP: 11/15
  5265 | D:7      | Reached skill level 7 in Necromancy
  5365 | D:7      | HP: 1/84 [wight/+3 great sword (13)]
  5365 | D:7      | Slain by a wight

Illustrated notes

Levels and vault maps discovered:
D:1:      minmay_arrival_diagonal_passages, layout_basic, amethyst_killhole,
          kennysheep_minor_cross
D:2:      layout_basic, ebering_ecumenical_altar_box, minmay_fountain_box,
          minmay_misc_feat_x
D:3:      layout_loops_cross
D:4:      cheibrodos_pilgrimage, layout_loops_ring, gammafunk_ghost_grave
D:5:      layout_rooms, mainiacjoe_overflow_boulevard, serial_rivers,
          chequers_serial_rivers_room_a, chequers_serial_rivers_micro_e,
          chequers_serial_rivers_micro_e, chequers_serial_rivers_room_a,
          chequers_serial_rivers_micro_e, feat_on_display, uniq_pikel
D:6:      layout_cave_pools, minmay_temple_entry_butterflies
D:7:      hellmonk_warped_wall, layout_basic, enter_ossuary_4
Temple:   mainiacjoe_temple_trianglar_array

Skill      XL: |  1  2  3  4  5  6  7  8  9 |
---------------+----------------------------+-----
Armour         | 1 2 3 4 5 |  5.2
Fighting       | 1 2 3 4 |  4.5
Short Blades   | 1 2 3 |  3.5
Shields        | 1 2 3 4 |  4.0
Spellcasting   | 3 4 |  4.5
Necromancy     | 5 6 7 |  7.0
Dodging        | |  1.7
Stealth        | |  2.4

Action                   |  1- 3 |  4- 6 |  7- 9 || total
-------------------------+-------+-------+-------++-------
Melee: Dagger            |    48 |   140 |   272 ||   460
       War axe           |     3 |       |       ||     3
       Flail             |       |     7 |       ||     7
 Cast: Pain              |    14 |    17 |    12 ||    43
       Vampiric Draining |     1 |     4 |     7 ||    12
 Abil: Dig               |       |     1 |     1 ||     2
  Use: Scroll            |       |     8 |     2 ||    10
       Potion            |       |       |     5 ||     5
 Stab: Sleeping          |     5 |     1 |       ||     6
Armor: Robe              |     6 |       |       ||     6
       Scale mail        |       |    20 |       ||    20
       Ring mail         |       |    15 |    50 ||    65
       Skin              |       |       |     1 ||     1
Dodge: Dodged            |    23 |    75 |   100 ||   198
Block: Buckler           |       |    20 |    39 ||    59
